 Dungeon Crawl Stone Soup version 0.31.0-32-g396128a36d (webtiles) character file.

Game seed: 368657499636003918

587 smashvw the Chopper (level 7, 0/72 HPs)
             Began as an Oni Gladiator on Mar 19, 2024.
             Was an Initiate of Okawaru.
             Slain by a bullfrog (8 damage)
             ... on level 5 of the Dungeon.
             The game lasted 00:07:33 (2894 turns).

smashvw the Chopper (Oni Gladiator)                 Turns: 2894, Time: 00:07:33

Health: 0/72       AC:  4    Str: 19    XL:     7   Next: 38%
Magic:  7/7        EV: 10    Int: 11    God:    Okawaru [......]
Gold:   237        SH:  0    Dex: 10    Spells: 6/6 levels left

rFire   + . .        a - +0 war axe
rCold   . . .        (no shield)
rNeg    . . .        p - +2 robe {rF+}
rPois   .            x - +2 hat
rElec   .            r - +0 cloak
rCorr   .            (gloves unavailable)
SInv    .            (boots unavailable)
Will    .....        (no amulet)
Stlth   +            (no ring)
HPRegen 0.32/turn    (no ring)
MPRegen 0.10/turn

%: no passive effects
@: about to teleport, marked, corroded
A: large, unfitting armour, horns 1, tough skin 1, double potion healing,
drunken brawling
a: Renounce Religion


You were on level 5 of the Dungeon.
You worshipped Okawaru.
Okawaru was noncommittal.
You visited 2 branches of the dungeon, and saw 6 of its levels.

You collected 237 gold pieces.

Inventory:

Hand Weapons
 a - a +0 war axe (weapon)
Missiles
 d - 3 throwing nets
 e - a large rock
 h - 2 poisoned darts
 m - 14 stones (quivered)
 w - 3 boomerangs
Armour
 p - a +2 robe of fire resistance (worn)
 r - a +0 cloak (worn)
 x - a +2 hat (worn)
Wands
 t - a wand of flame (8)
Scrolls
 b - 2 scrolls of enchant armour
 c - a scroll of poison {unknown}
 i - 2 scrolls of revelation
 l - 2 scrolls of amnesia {unknown}
 n - a scroll of vulnerability {unknown}
 s - 2 scrolls of enchant weapon {unknown}
Potions
 f - 2 potions of haste
 g - a potion of invisibility
 k - 2 potions of attraction {unknown}
 o - 2 potions of heal wounds {unknown}
 q - 2 potions of degeneration {unknown}
 u - 2 potions of magic {unknown}
 v - a potion of lignification {unknown}


   Skills:
 + Level 5.4 Fighting
 + Level 6.2 Axes
 + Level 2.2 Throwing
 + Level 4.0 Dodging
 - Level 1.0 Stealth


You had 6 spell levels left.
You didn't know any spells.
Your spell library contained the following spells:

 Spells                   Type           Power      Damage    Failure   Level
 Inner Flame              Hex/Fire       0%         N/A       71%         3
 Irradiate                Conj/Alch      0%         3d11      100%        5
 Ignition                 Fire           0%         3d3       100%        8


Dungeon Overview and Level Annotations

Branches:
Dungeon (5/15)             Temple (1/1) D:4

Altars:
Ashenzari
Elyvilon
Gozag
Hepliaklqana
Makhleb
Nemelex Xobeh
Okawaru
Qazlal
Ru
Sif Muna
Trog
Vehumet
Wu Jian
Xom
Yredelemnul
Zin
The Shining One

Shops:
D:4 *

Annotations:
D:2 1 runed translucent door, Crazy Yiuf


Innate Abilities, Weirdness & Mutations

You are too large for most types of armour.
You have a pair of small horns on your head.
You have tough skin. (AC +1)
You gain doubled healing and magic from potions.
Whenever you drink a healing potion, you attack all around you.


Message History

The acid corrodes you!
Your hands burn!
The water moccasin misses you. The jelly barely misses you.
A gnoll comes into view. It is wielding a +0 spear.
The bullfrog closely misses you. The water moccasin barely misses you.
An orc comes into view. It is wielding a +0 dagger.
The jelly hits you but does no damage.
Your Dodging skill increases to level 4!
You hit the bullfrog but do no damage.
The bullfrog is severely wounded.
You slash the water moccasin! You hit the jelly.
Your hands burn!
The bullfrog hits you. The water moccasin bites you.
The bullfrog closely misses you.
A hound comes into view.
A gnoll comes into view. It is wielding a +0 club.
The jelly closely misses you. The water moccasin bites you!
The water moccasin bites you but does no damage.
The jelly attacks as it pursues you! The jelly barely misses you.
The bullfrog misses you.
A gnoll and a howler monkey come into view.
The water moccasin bites you. The gnoll barely misses you.
The water moccasin bites you.
* * * LOW HITPOINT WARNING * * *
A gnoll comes into view. It is wielding a +0 whip.
The bullfrog attacks as it pursues you! The bullfrog closely misses you.
The howler monkey hoots and howls with incredible vigour!
The gnoll hits you from afar with a +0 spear.
* * * LOW HITPOINT WARNING * * *
The bullfrog barely misses you.
The jelly jiggles.
The bullfrog attacks as it pursues you! The bullfrog closely misses you.
Okay, then.
As you read the scroll of teleportation, it crumbles to dust.
You feel strangely unstable. The bullfrog barely misses you.
The gnoll hits you from afar with a +0 spear!
* * * LOW HITPOINT WARNING * * *
The bullfrog hits you but does no damage.
You closely miss the bullfrog.
The bullfrog is heavily wounded.
You slash the howler monkey! The bullfrog hits you!
You die...

..# #.## #.#####
.###g#.. #.#...#
.......# #.#<..#
#...g.# #.#...#
#.....( #.#...# #
#.....# ###.#...#
#.#....g###.......#
#.....gSF@h)#.#)..#
#...:ho#####.#...#
#.......# #.###.#
#.......# #.# .#
#.....†h# #.# .#
#.......# ... ..
#......... ..# #
#.........#
#.?.......#


You could see a water moccasin, a bullfrog, a howler monkey, a hound, 2 gnolls
and an orc.

Vanquished Creatures
  Sigmund (D:3)
  A black bear (D:5)
  An ogre (D:4)
  A scorpion (D:4)
  A bombardier beetle (D:3)
  An orc priest (D:3)
  2 gnolls (D:1)
  3 adders
  A dart slug (D:2)
  9 orcs
  4 bats
  13 endoplasms
  A giant cockroach (D:2)
  2 goblins
  9 hobgoblins
  4 jackals
  6 kobolds
  4 quokkas
  6 ball pythons
  2 frilled lizards
  7 rats
79 creatures vanquished.

Notes
Turn   | Place    | Note
-------+----------+-------------------------------------------
     0 | D:1      | smashvw the Oni Gladiator began the quest for the Orb.
     0 | D:1      | Reached XP level 1. HP: 22/22 MP: 1/1
   146 | D:1      | Reached XP level 2. HP: 29/29 MP: 2/2
   413 | D:1      | Reached XP level 3. HP: 37/37 MP: 3/3
   993 | D:2      | Reached skill level 4 in Axes
   995 | D:2      | Reached XP level 4. HP: 32/45 MP: 4/4
  1102 | D:2      | Found a runed translucent door.
  1103 | D:2      | Noticed Crazy Yiuf
  1755 | D:3      | Reached XP level 5. HP: 47/54 MP: 5/5
  1931 | D:3      | Found a sacrificial altar of Ru.
  1933 | D:3      | Found a bloodstained altar of Trog.
  1964 | D:3      | Noticed Sigmund
  1980 | D:3      | Killed Sigmund
  1981 | D:3      | Reached skill level 5 in Axes
  1981 | D:3      | Reached XP level 6. HP: 18/65 MP: 6/6
  1986 | D:3      | Reached skill level 5 in Fighting
  1986 | D:3      | Found an ornate altar of the Wu Jian Council.
  2273 | D:4      | Found a staircase to the Ecumenical Temple.
  2331 | Temple   | Entered the Ecumenical Temple
  2414 | D:4      | Reached XP level 7. HP: 37/72 MP: 7/7
  2549 | D:4      | Found an iron altar of Okawaru.
  2565 | D:4      | Reached skill level 6 in Axes
  2565 | D:4      | Reached skill level 1 in Stealth
  2615 | D:4      | Became a worshipper of Warmaster Okawaru
  2631 | D:4      | Found Emad's Overcharged Wands.
  2786 | D:4      | Found a shimmering altar of Xom.
  2853 | D:4      | Found a glowing golden altar of the Shining One.
  2861 | D:5      | Entered Level 5 of the Dungeon
  2894 | D:5      | Slain by a bullfrog

Illustrated notes

Levels and vault maps discovered:
D:1:      heliophobic_arrival_enchanted_forest, layout_loops_ring,
          nicolae_grassy_gnolls
D:2:      layout_basic, uniq_crazy_yiuf_cottage
D:3:      layout_basic, mainiacjoe_overflow_cross_hatched,
          chequers_temple_overflow_statue_of_worship, uniq_sigmund
D:4:      layout_rooms, overflow_temple_1_default, okawaru_gym_becter,
          kennysheep_mini_moat, temple_hall_moat, nicolae_shop_overcharged_wands
D:5:      layout_rooms, lemuel_coloured_pillars_altar, slow_altar_1,
          dk_noncrumbling_3, nicolae_shop_clearance, uniq_prince_ribbit1,
          uniq_eustachio
Temple:   bh_familiar_temple

Skill      XL: |  1  2  3  4  5  6  7 |
---------------+----------------------+-----
Fighting       | 3 4 5 |  5.4
Dodging        | 3 4 |  4.0
Axes           | 4 5 6 |  6.2
Stealth        | 1 |  1.0
Throwing       | |  2.2

Action                     |  1- 3 |  4- 6 |  7- 9 || total
---------------------------+-------+-------+-------++-------
  Melee: War axe           |    93 |    92 |    24 ||   209
         Headbutt          |     7 |    13 |     3 ||    23
         Punch             |       |     2 |       ||     2
  Throw: Large rock        |     1 |     3 |       ||     4
         Stone             |       |       |     6 ||     6
    Use: Scroll            |       |     5 |     1 ||     6
   Stab: Sleeping          |       |     1 |       ||     1
 Armour: Robe              |    71 |    65 |    37 ||   173
         Skin              |     5 |       |       ||     5
  Dodge: Dodged            |    56 |    47 |    28 ||   131
